 Dungeon Crawl Stone Soup version 0.22-a0-580-gd5db89c09a (webtiles) character file.

28829 Lentor the Bludgeoner (level 13, -1/124 HPs)
             Began as a Minotaur Berserker on July 2, 2018.
             Was the Champion of Trog.
             Engulfed by a cloud of flame (31 damage)
             ... in a volcano.
             The game lasted 00:25:48 (14405 turns).

Lentor the Bludgeoner (Minotaur Berserker)         Turns: 14405, Time: 00:25:49

Health: -1/124     AC: 22    Str: 22    XL:     13   Next: 11%
Magic:  12/12      EV: 10    Int:  4    God:    Trog [******]
Gold:   1144       SH:  0    Dex: 21    Spells: 12/12 levels left

rFire    . . .     SeeInvis .   J - +6 dire flail
rCold    . . .     Gourm    .   (shield currently unavailable)
rNeg     . . .     Faith    .   D - +0 plate armour
rPois    .         Spirit   .   N - +2 hat {MR+}
rElec    .         Reflect  .   (no cloak)
rCorr    .         Harm     +   M - +0 pair of gloves
MR       +....                  P - +0 pair of boots
Stlth    ..........             O - amulet of harm
HPRegen  0.30/turn              a - +6 ring of dexterity
MPRegen  0.13/turn              g - +2 ring of protection

@: berserk cooldown, slowed, very slow
A: retaliatory headbutt, horns 2
a: Berserk, Trog's Hand, Brothers in Arms, Renounce Religion


You were in a volcano.
You worshipped Trog.
Trog was exalted by your worship.
You were not hungry.

You visited 3 branches of the dungeon, and saw 14 of its levels.
You also visited: Ossuary and Volcano.

You collected 1144 gold pieces.

Inventory:

Hand Weapons
 J - a +6 dire flail (weapon)
Armour
 b - a +0 shield
 D - a +0 plate armour (worn)
 M - a +0 pair of gloves (worn)
 N - a +2 hat of magic resistance (worn)
 P - a +0 pair of boots (worn)
Jewellery
 a - a +6 ring of dexterity (left hand)
 g - a +2 ring of protection (right hand)
 m - an uncursed ring of protection from fire
 L - a cursed ring of teleportation {unknown}
 O - an amulet of harm (around neck)
Wands
 n - a wand of paralysis (8)
 t - a wand of digging (17)
 u - a wand of scattershot (9)
 B - a wand of disintegration (16)
Scrolls
 d - 4 scrolls of remove curse
 j - 4 scrolls of teleportation
 k - 11 scrolls of identify
 l - 2 scrolls of magic mapping
 p - a scroll of enchant armour
 q - 2 scrolls of enchant weapon
 w - 2 scrolls of immolation
 y - a scroll of acquirement {unknown}
 C - a scroll of fog
 F - 3 scrolls of blinking
Potions
 e - 4 potions of agility
 f - 6 potions of brilliance
 h - 6 potions of curing {unknown}
 i - 2 potions of cancellation {unknown}
 o - 3 potions of heal wounds {unknown}
 s - 3 potions of magic {unknown}
 v - 2 potions of mutation {unknown}
 x - a potion of resistance {unknown}
 z - 2 potions of degeneration {unknown}
 A - a potion of might {unknown}
 E - 2 potions of lignification {unknown}
 G - 2 potions of haste {unknown}
 H - a potion of invisibility {unknown}
 I - 4 potions of flight {unknown}
Comestibles
 c - 8 rations


   Skills:
 + Level 14.1 Fighting
 + Level 16.7 Maces & Flails
 + Level 12.3 Armour
 + Level 5.2 Dodging
 - Level 1.3 Stealth
 + Level 5.4 Shields


You had 12 spell levels left.
You didn't know any spells.
Your spell library was empty.

Dungeon Overview and Level Annotations

Branches:
Dungeon (11/15)            Temple (1/1) D:7            Lair (2/6) D:10
  Swamp: Lair:2-4    Shoals: Lair:2-4     Snake: Lair:2-4    Spider: Lair:2-4
    Orc: D:9-12

Altars:
Ashenzari
Cheibriados
Dithmenos
Elyvilon
Fedhas
Gozag
Hepliaklqana
Kikubaaqudgha
Makhleb
Nemelex Xobeh
Okawaru
Qazlal
Ru
Sif Muna
Trog
Uskayaw
Vehumet
Wu Jian
Xom
Yredelemnul
Zin
The Shining One

Shops:
D:4 }   D:8 }   D:9 *


Innate Abilities, Weirdness & Mutations

You reflexively headbutt those who attack you in melee.
You have a pair of horns on your head.


Message History

The fire elemental is moderately damaged.
The fire elemental hits you. The fire elemental burns you!
You puncture the fire elemental!
Your headbutt misses the fire elemental.
The fire elemental is severely damaged.
You thump the fire elemental!
You destroy the fire elemental!
Trog accepts your kill.
You are engulfed in blazing flames.
You see here a scimitar of flaming.
You feel a strong urge to attack something.
You are no longer berserk.
You are exhausted.
You feel yourself slow down.
Found a scroll of identify.
You are engulfed in blazing flames.
You are engulfed in blazing flames.
* * * LOW HITPOINT WARNING * * *
You are engulfed in blazing flames.
You die...

##..≈≈≈≈≈##≈≈≈≈..##
###..≈≈# #≈≈..###
###§E###..### #§###
#§## ##§§## #≈≈.§##
##≈§§§§## #≈§§≈≈≈@#
##§§≈≈§## #≈≈..##
+###+## ..###. .?


There were no monsters in sight!

Vanquished Creatures
  Gastronok (D:8)
  Fannar (D:10)
  Harold (D:10)
  Erica (D:8)
  2 hydras (Lair:1)
  7 two-headed ogres
  Urug (D:11)
  The ghost of temitten the Spear-Bearer, a novice MiMo (D:4)
  2 ugly things (D:11)
  5 slime creatures
  A centaur zombie (D:11)
  A gargoyle (D:11)
  A spiny frog (Lair:1)
  A centaur skeleton (D:11)
  2 efreet (Volcano)
  A komodo dragon (Lair:1)
  4 trolls
  A hornet (D:7)
  The ghost of nawrastar the Vexing, an amateur GnAM of Ru (D:3)
  3 hippogriffs
  Sigmund (D:5)
  Eustachio (D:4)
  2 wyverns
  15 yaks
  5 fire elementals (Volcano)
  4 basilisks (Lair:1)
  2 wraiths
  Grum (D:8)
  Menkaure (D:7)
  2 hungry ghosts
  A soldier ant (D:11)
  4 water moccasins
  An acid dragon (D:11)
  2 porcupines (Lair:1)
  7 orc warriors
  2 black bears
  An ice beast (D:7)
  4 phantoms
  4 sky beasts
  12 ogres
  2 wolves (D:8)
  5 centaurs
  2 big kobolds
  2 crocodiles (Lair:1)
  7 bullfrogs
  A wyvern zombie (D:11)
  3 earth elementals (Volcano)
  A scorpion (D:6)
  13 wights
  2 howler monkeys
  A bullfrog zombie (D:8)
  9 crimson imps
  8 hounds
  8 jellies
  A bullfrog skeleton (D:8)
  12 orc priests
  8 orc wizards
  Ijyb (D:5)
  Natasha (thrice) (D:3)
  6 iguanas
  8 worker ants
  2 big kobold zombies (Ossuary)
  A hound zombie (D:5)
  9 mummies
  7 adders
  6 gnolls (D:8)
  A howler monkey skeleton (D:9)
  A shadow imp (D:6)
  4 adder zombies
  9 oozes (Lair:1)
  5 adder skeletons
  2 worms (D:2)
  2 dart slugs (D:2)
  7 leopard geckos
  32 orcs
  10 bats
  3 giant cockroaches
  8 goblins
  9 hobgoblins
  13 jackals
  13 kobolds
  3 quokkas
  A ball python zombie (D:5)
  8 frilled lizards
  A gnoll zombie (Ossuary)
  A hobgoblin zombie (Ossuary)
  A jackal skeleton (D:4)
  3 kobold zombies (Ossuary)
  An orc zombie (Ossuary)
  3 quokka skeletons
  5 rats
384 creatures vanquished.

Vanquished Creatures (others)
  4 fungi (Lair:1)
4 creatures vanquished.

Grand Total: 388 creatures vanquished

Notes
Turn   | Place    | Note
-------+----------+-------------------------------------------
     0 | D:1      | Lentor the Minotaur Berserker began the quest for the Orb.
     0 | D:1      | Reached XP level 1. HP: 19/19 MP: 0/0
   188 | D:1      | Reached XP level 2. HP: 27/27 MP: 1/1
   258 | D:1      | Reached skill level 4 in Maces & Flails
   720 | D:2      | Reached XP level 3. HP: 33/33 MP: 2/2
   746 | D:2      | Reached ** piety under Trog
   752 | D:2      | Reached XP level 4. HP: 28/41 MP: 3/3
   883 | D:2      | Found a snail-covered altar of Cheibriados.
  1183 | D:2      | Reached skill level 5 in Maces & Flails
  2053 | D:2      | Found a burning altar of Makhleb.
  2280 | D:3      | Found a transporter.
  2323 | D:3      | Reached XP level 5. HP: 45/47 MP: 4/4
  2401 | D:3      | Reached *** piety under Trog
  2586 | D:3      | Found a transporter.
  2587 | D:3      | Noticed nawrastar's ghost (amateur GnAM)
  2589 | D:3      | Noticed a phantom
  2628 | D:3      | Noticed Natasha
  2634 | D:3      | Reached skill level 5 in Fighting
  2639 | D:3      | Reached skill level 1 in Stealth
  2642 | D:3      | Reached skill level 6 in Maces & Flails
  2643 | D:3      | Killed Natasha
  2742 | D:3      | Noticed Natasha
  2755 | D:3      | Killed Natasha
  2755 | D:3      | Reached XP level 6. HP: 20/56 MP: 5/5
  2851 | D:3      | Noticed Natasha
  2857 | D:3      | Killed Natasha
  3543 | D:3      | Killed nawrastar's ghost
  3543 | D:3      | Reached XP level 7. HP: 53/63 MP: 6/6
  3825 | D:4      | Reached skill level 7 in Maces & Flails
  3844 | D:4      | Noticed temitten's ghost (novice MiMo)
  3847 | D:4      | Found a runed door.
  4382 | D:4      | Reached skill level 5 in Armour
  4386 | D:4      | Reached skill level 1 in Shields
  4516 | D:4      | Reached XP level 8. HP: 62/71 MP: 7/7
  4650 | D:4      | Found a white marble altar of Elyvilon.
  4660 | D:4      | Noticed Eustachio
  4669 | D:4      | Killed Eustachio
  4669 | D:4      | Reached skill level 8 in Maces & Flails
  4738 | D:4      | Found Saanoare's Gadget Shop.
  4863 | D:4      | Found a hazy altar of Hepliaklqana.
  5006 | D:4      | Killed temitten's ghost
  5006 | D:4      | Reached skill level 9 in Maces & Flails
  5037 | D:5      | Entered Level 5 of the Dungeon
  5252 | D:5      | Reached **** piety under Trog
  5279 | D:5      | Reached XP level 9. HP: 66/79 MP: 8/8
  5332 | D:5      | Noticed Sigmund
  5341 | D:5      | Killed Sigmund
  5341 | D:5      | Reached skill level 10 in Maces & Flails
  5460 | D:5      | Noticed Ijyb
  5473 | D:5      | Killed Ijyb
  5979 | D:5      | Found a deep blue altar of Sif Muna.
  6217 | D:6      | Found a sand-covered staircase.
  6223 | Ossuary  | Entered an ossuary
  6825 | D:6      | Reached skill level 11 in Maces & Flails
  7549 | D:7      | Noticed Menkaure
  7747 | D:7      | Killed Menkaure
  8056 | D:7      | Reached XP level 10. HP: 90/90 MP: 9/9
  8078 | D:7      | Reached skill level 5 in Shields
  8083 | D:7      | Reached ***** piety under Trog
  8148 | D:7      | Found a staircase to the Ecumenical Temple.
  8164 | Temple   | Entered the Ecumenical Temple
  8573 | D:7      | Reached skill level 12 in Maces & Flails
  8700 | D:7      | Found a shimmering altar of Xom.
  8823 | D:8      | Found an ornate altar of the Wu Jian Council.
  8866 | D:8      | Noticed Grum
  8868 | D:8      | Noticed Erica
  8888 | D:8      | Killed Erica
  8891 | D:8      | Killed Grum
  9124 | D:8      | Found Dobuob's Gadget Boutique.
  9191 | D:8      | Found a shimmering altar of Xom.
  9230 | D:8      | Noticed a two-headed ogre
  9237 | D:8      | Killed a two-headed ogre
  9237 | D:8      | Reached skill level 13 in Maces & Flails
  9237 | D:8      | Reached skill level 5 in Dodging
  9347 | D:8      | Found a radiant altar of Vehumet.
  9391 | D:8      | Noticed Gastronok
  9415 | D:8      | Killed Gastronok
  9415 | D:8      | Reached skill level 10 in Fighting
  9415 | D:8      | Reached skill level 14 in Maces & Flails
  9415 | D:8      | Reached XP level 11. HP: 100/100 MP: 10/10
  9605 | D:8      | Found a glowing golden altar of the Shining One.
 10017 | D:9      | Found an opulent altar of Gozag.
 10125 | D:9      | Found Sebbeido's Superlative Supplies.
 10263 | D:9      | Received a gift from Trog
 10729 | D:9      | Found a stormy altar of Qazlal.
 10874 | D:10     | Entered Level 10 of the Dungeon
 10900 | D:10     | Found a sparkling altar of Nemelex Xobeh.
 10951 | D:10     | Received a gift from Trog
 11261 | D:10     | Reached skill level 15 in Maces & Flails
 11380 | D:10     | Noticed a two-headed ogre
 11383 | D:10     | Noticed Harold
 11392 | D:10     | Killed Harold
 11397 | D:10     | Killed a two-headed ogre
 11397 | D:10     | Reached skill level 10 in Armour
 11440 | D:10     | Noticed a two-headed ogre
 11461 | D:10     | Killed a two-headed ogre
 11466 | D:10     | Noticed a two-headed ogre
 11470 | D:10     | Killed a two-headed ogre
 11644 | D:10     | Noticed Fannar
 11645 | D:10     | Found a staircase to the Lair.
 11655 | D:10     | Killed Fannar
 11655 | D:10     | Reached XP level 12. HP: 112/112 MP: 11/11
 11858 | D:11     | Noticed a two-headed ogre
 11859 | D:11     | Noticed a two-headed ogre
 11871 | D:11     | Killed a two-headed ogre
 11874 | D:11     | Killed a two-headed ogre
 12073 | D:11     | Noticed a two-headed ogre
 12078 | D:11     | Killed a two-headed ogre
 12115 | D:11     | Noticed Urug
 12128 | D:11     | Killed Urug
 12133 | D:11     | Reached skill level 16 in Maces & Flails
 12648 | Lair:1   | Entered Level 1 of the Lair of Beasts
 12683 | Lair:1   | Noticed a four-headed hydra
 12688 | Lair:1   | Killed a four-headed hydra
 13102 | Lair:1   | Noticed an eight-headed hydra
 13108 | Lair:1   | Killed an eight-headed hydra
 13187 | Lair:1   | Reached XP level 13. HP: 123/123 MP: 12/12
 13193 | Lair:1   | Received a gift from Trog
 13396 | Lair:1   | Received a gift from Trog
 13401 | Lair:1   | Reached ****** piety under Trog
 13597 | Lair:2   | Found a dark tunnel.
 13601 | Volcano  | Entered a volcano
 13944 | Volcano  | HP: 9/186 [fire elemental (9)]
 14405 | Volcano  | Engulfed by a cloud of flame

Vault maps used:
D:1:      dpeg_arrival_windows_large_door
D:2:      nicolae_overflow_hidden_temple, lemuel_crystal_altar
D:3:      gammafunk_ghost_mausoleum, uniq_natasha
D:4:      kennysheep_mini, elyvilon_altar_1, serial_shops,
          nicolae_shop_window_shopping, hellmonk_ghost_happy_afterlife,
          uniq_eustachio
D:5:      lemuel_round_altar, first_ration, fountainhead, uniq_sigmund,
          uniq_ijyb
D:6:      lemuel_upstairs_altar, gup_ossuary_entry_pyramid, serial_bayou_pond_c
D:7:      minmay_temple_entry_purple_smoke, grunt_ogre_cave, dk_xom_monty_hall,
          uniq_menkaure
D:8:      lemuel_round_altar, fiery_altar_vehumet,
          nicolae_overflow_crystal_walls, nicolae_tso_carved_into_rock,
          serial_shops, kennysheep_little_box, uniq_gastronok, uniq_grum,
          uniq_erica
D:9:      grunt_gozag_statues, lemuel_coloured_pillars_altar,
          nicolae_alphabet_shops
D:10:     lair_entry_dummy, basic_altar, hex_medium, uniq_fannar, uniq_harold
D:11:     uniq_urug
Temple:   minmay_temple_curvy_loop
Lair:1:   lemuel_slime, grunt_megastairs_5
Lair:2:   nicolae_volcano_entry_lava_flow, ebering_ghost_inner_flame,
          uniq_nergalle
Ossuary:  ossuary_tomb_3
Volcano:  volcano_aerie

Skill      XL: |  1  2  3  4  5  6  7  8  9 10 11 12 13 |
---------------+----------------------------------------+-----
Maces & Flails | 4 5 6 7 9 11 14 15 16 | 16.7
Fighting       | 4 5 6 7 8 10 12 13 14 | 14.1
Dodging        | 3 4 5 |  5.2
Stealth        | 1 |  1.3
Armour         | 3 5 6 7 9 10 12 | 12.3
Shields        | 1 2 4 5 |  5.4

Action                   |  1- 3 |  4- 6 |  7- 9 | 10-12 | 13-15 || total
-------------------------+-------+-------+-------+-------+-------++-------
Melee: Mace              |    48 |    84 |       |       |       ||   132
       Headbutt          |     8 |    17 |    92 |   126 |    13 ||   256
       Flail             |       |    77 |   273 |       |       ||   350
       Dire flail        |       |       |    38 |   404 |    66 ||   508
Invok: Berserk           |       |     2 |     8 |     7 |     3 ||    20
  Use: Scroll            |       |       |     4 |    10 |       ||    14
 Stab: Sleeping          |     1 |       |       |       |       ||     1
  Eat: Chunk             |       |     5 |     7 |    21 |       ||    33
       Ration            |       |     1 |     5 |     1 |     2 ||     9
Armor: Animal skin       |     8 |    13 |       |       |       ||    21
       Ring mail         |       |    23 |     2 |       |       ||    25
       Scale mail        |       |       |    39 |       |       ||    39
       Plate armour      |       |       |    56 |   175 |    21 ||   252
Dodge: Dodged            |    31 |   108 |    94 |   123 |     8 ||   364
Block: Shield            |       |     8 |   101 |       |       ||   109

Table legend:
 A = Spawn XP
 B = Non-spawn XP
 C = Spawn XP percentage of total XP
 D = Spawn monster count
 E = Non-spawn monster count
 F = Spawn count percentage of total count
 G = Total turns spent on level
                    A         B        C        D         E        F      G
               +---------+---------+-------+---------+---------+-------+---------
         Total |       0 |   41185 |   0.0 |       0 |     384 |   0.0 | 14405
               +---------+---------+-------+---------+---------+-------+---------
           D:1 |       0 |      38 |   0.0 |       0 |      21 |   0.0 |   969
           D:2 |       0 |     126 |   0.0 |       0 |      29 |   0.0 |  1157
           D:3 |       0 |     706 |   0.0 |       0 |      36 |   0.0 |  1685
           D:4 |       0 |    1509 |   0.0 |       0 |      25 |   0.0 |  1392
           D:5 |       0 |    1171 |   0.0 |       0 |      24 |   0.0 |   907
           D:6 |       0 |    1059 |   0.0 |       0 |      23 |   0.0 |  1204
           D:7 |       0 |    2091 |   0.0 |       0 |      31 |   0.0 |   802
           D:8 |       0 |    6302 |   0.0 |       0 |      33 |   0.0 |  1190
           D:9 |       0 |    2697 |   0.0 |       0 |      31 |   0.0 |   880
          D:10 |       0 |    7273 |   0.0 |       0 |      31 |   0.0 |  1092
          D:11 |       0 |    8969 |   0.0 |       0 |      34 |   0.0 |   682
        Lair:1 |       0 |    7061 |   0.0 |       0 |      40 |   0.0 |   942
       Ossuary |       0 |     204 |   0.0 |       0 |      16 |   0.0 |   416
       Volcano |       0 |    1979 |   0.0 |       0 |      10 |   0.0 |   804
               +---------+---------+-------+---------+---------+-------+---------
